 Dungeon Crawl Stone Soup version 0.30-a0-4-ga7cffc901d (webtiles) character file.

Game seed: 4286080850114969428

417 Sobieck the Digger (level 6, -5/25 (30) HPs)
             Began as a Vine Stalker Earth Elementalist on Aug 20, 2022.
             Was an Initiate of Wu Jian.
             Slain by a wight
             ... wielding a +3 long sword
              (6 damage)
             ... on level 3 of the Dungeon.
             The game lasted 00:08:20 (3220 turns).

Sobieck the Digger (VSEE)                           Turns: 3220, Time: 00:08:21

HP:   -5/25 (30)    AC:  5    Str: 13    XL:     6   Next: 93%
MP:   0/11          EV: 12    Int: 15    God:    Wu Jian [......]
Gold: 155           SH:  5    Dex: 16    Spells: 8/11 levels left

rFire   . . .      SeeInvis .    a - +1 dagger {short}
rCold   + . .      Faith    .    (no shield)
rNeg    . . .      Spirit   +    f - +0 robe
rPois   .          Reflect  +    (no helmet)
rElec   +          Harm     .    (no cloak)
rCorr   .          Rampage  .    t - +0 pair of gloves
Will    .....                    s - +1 pair of boots "Mock" {Fly rElec rC+ Str+2}
Stlth   +++.......               z - amulet of reflection
HPRegen 0.88/turn                (no ring)
MPRegen 0.12/turn                (no ring)

@: flying, heavily drained
A: fangs 2, regeneration 1, magic shield, antimagic bite, no potion heal 2
a: Renounce Religion


You were on level 3 of the Dungeon.
You worshipped Wu Jian.
Wu Jian was noncommittal.
You visited 1 branch of the dungeon, and saw 3 of its levels.

You collected 155 gold pieces.


Innate Abilities, Weirdness & Mutations

You have extremely sharp teeth.
Your natural rate of healing is unusually fast.
When hurt, damage is shared between your health and your magic reserves.
Your bite disrupts and absorbs the magic of your enemies.
Potions cannot restore your health.


   Skills:
 + Level 1.9 Fighting
 * Level 2.8 Short Blades
 - Level 1.5 Dodging
 + Level 3.7 Stealth
 + Level 3.0 Spellcasting
 + Level 2.4 Transmutations
 * Level 4.7 Earth Magic


You had 8 spell levels left.
You knew the following spells:

 Your Spells              Type           Power      Damage    Failure   Level
a - Sandblast             Erth           32%        2d9       3%          1
b - Passwall              Tmut/Erth      10%        N/A       7%          2

Your spell library contained the following spells:

 Spells                   Type           Power      Damage    Failure   Level
 Sting                    Tmut/Pois      20%        1d4       12%         1
 Stone Arrow              Conj/Erth      18%        3d8       22%         3
 Poisonous Vapours        Pois/Air       4%         N/A       30%         2
 Petrify                  Tmut/Erth      13%        N/A       41%         4
 Olgreb's Toxic Radiance  Pois           2%         N/A       89%         4

Inventory:

Hand Weapons
 a - a +1 dagger (weapon) {short}
   (You took it off a goblin on level 1 of the Dungeon)
 k - a +2 flail {mace}
   (You took it off a wight on level 3 of the Dungeon)
Missiles
 i - 31 stones {throwing}
 r - 3 boomerangs {throwing}
Armour
 e - a +0 plate armour
   (You found it on level 1 of the Dungeon)
 f - a +0 robe (worn)
 g - a +0 plate armour
   (You found it on level 1 of the Dungeon)
 j - a +0 ring mail
   (You found it on level 3 of the Dungeon)
 l - a +0 ring mail
   (You found it on level 1 of the Dungeon)
 n - a +0 robe
   (You took it off a wight on level 3 of the Dungeon)
 s - the +1 pair of boots "Mock" (worn) {Fly rElec rC+ Str+2}
   (You found it on level 2 of the Dungeon)

   Str:       It affects your strength (+2).
   rC:        It protects you from cold.
   rElec:     It insulates you from electricity.
   Fly:       It grants you flight.
 t - a +0 pair of gloves (worn)
   (You found it on level 2 of the Dungeon)
 u - a +0 ring mail
   (You found it on level 2 of the Dungeon)
 v - a +0 ring mail
   (You took it off an orc on level 2 of the Dungeon)
 x - a +0 ring mail
   (You found it on level 2 of the Dungeon)
 y - a +0 leather armour
   (You found it on level 3 of the Dungeon)
Magical Staves
 m - a staff of air {!astaff}
   (You found it on level 1 of the Dungeon)
Jewellery
 o - a ring of fire
   (You found it on level 2 of the Dungeon)
 z - an amulet of reflection (around neck)
   (You found it on level 3 of the Dungeon)
Scrolls
 c - a scroll of noise {!r}
 d - a scroll of enchant weapon
Potions
 h - a potion of curing {@q1}
 A - a potion of berserk rage {!q}

Dungeon Overview and Level Annotations

Branches:
Dungeon (3/15) Zot: 14748

Altars:
Dithmenos
Hepliaklqana
Ru
Sif Muna
Wu Jian

Shops:
D:2

[ #..###.#...# ...
#......#†⌠.# #..
#.####.#...#
#.####.##>## # #.##
#.......####.# ##
#....###
######.###.#.#....
........ #.#..z......#
#. ############.#.#z#
#. .............#.#@#
#. .#############.#.#
#. .# #........# #.
.##### #.####.### #.
.....# #.# #.......#
..
.....####.##########.#
..
......†............#
.....####.########.#
.....## #.# #.#


You could see 2 wights.


Message History

Unknown command.
Unknown command.
You now have 155 gold pieces (gained 10).
Found an escape hatch in the floor.
Unknown command.
j - a +0 ring mail 2 wights come into view.
The wight moves out of view.
Danger!
Unknown command.
Unknown command.
Casting: Passwall (safe; 8% risk of failure)
Confirm with . or Enter, or press ? or * to list all spells.
Aiming: Sandblast (safe; 3% risk of failure)
Press: ? - help, Shift-Dir - straight line, f - wight
Aim: a wight, wielding a +2 flail and wearing a +0 robe (82% to hit)
The blast of sand hits the wight.
Casting: Sandblast (safe; 3% risk of failure)
Confirm with . or Enter, or press ? or * to list all spells.
Aiming: Sandblast (safe; 3% risk of failure)
Press: ? - help, Shift-Dir - straight line, f/p - wight
Aim: a wight, wielding a +2 flail and wearing a +0 robe (moderately damaged, 82% to hit)
The blast of sand hits the wight!
You block the wight's attack. The wight hits you with a +2 flail.
Casting: Sandblast (safe; 3% risk of failure)
Confirm with . or Enter, or press ? or * to list all spells.
Aiming: Sandblast (safe; 3% risk of failure)
Press: ? - help, Shift-Dir - straight line, f/p - wight
Aim: a wight, wielding a +2 flail and wearing a +0 robe (almost destroyed, 82% to hit)
The blast of sand hits the wight.
You destroy the wight!
The Council accepts your kill.
k - a +2 flail {mace};
n - a +0 robe You start resting.
Casting: Sandblast (safe; 3% risk of failure)
Confirm with . or Enter, or press ? or * to list all spells.
Aiming: Passwall (safe; 7% risk of failure)
Press: ? - help, Dir - move target A rock wall.
You begin to meditate on the wall.
You continue meditating on the rock. x2
You finish merging with the rock.
Danger!
The helpless wight fails to defend itself.
You puncture the wight! You bite the wight, but do no damage.
You block the wight's attack.
Unknown command.
Casting: Passwall (safe; 7% risk of failure)
Confirm with . or Enter, or press ? or * to list all spells.
Aiming: Sandblast (safe; 3% risk of failure)
Press: ? - help, Shift-Dir - straight line, f - wight
Aim: a wight, wielding a +3 long sword and wearing a +0 robe (severely damaged, 82% to hit)
The blast of sand misses the wight.
The wight hits you with a +3 long sword.
A wight comes into view. It is wielding a +0 falchion.
Casting: Sandblast (safe; 3% risk of failure)
Confirm with . or Enter, or press ? or * to list all spells.
Aiming: Sandblast (safe; 3% risk of failure)
Press: ? - help, Shift-Dir - straight line, f/p - wight
Aim: a wight, wielding a +3 long sword and wearing a +0 robe (severely damaged, 82% to hit)
Okay, then.
The wight attacks as you move away!
The wight hits you with a +3 long sword!
Casting: Sandblast (safe; 3% risk of failure)
Confirm with . or Enter, or press ? or * to list all spells.
Aiming: Sandblast (safe; 3% risk of failure)
Press: ? - help, Shift-Dir - straight line, f/p - wight
Aim: a wight, wielding a +3 long sword and wearing a +0 robe (severely damaged, 82% to hit)
The blast of sand hits the wight.
The wight hits you with a +3 long sword!
* * * LOW HITPOINT WARNING * * *
You feel drained.
* * * LOW HITPOINT WARNING * * *
The wight misses you.
Unknown command.
Casting: Sandblast (safe; 3% risk of failure)
Confirm with . or Enter, or press ? or * to list all spells.
Aiming: Sandblast (safe; 3% risk of failure)
Press: ? - help, Shift-Dir - straight line, f/p - wight
Aim: a wight, wielding a +3 long sword and wearing a +0 robe (severely damaged, 82% to hit)
The blast of sand hits the wight but does no damage.
The wight hits you with a +3 long sword!
* * * LOW HITPOINT WARNING * * *
You feel drained.
Unknown command.
Casting: Sandblast (safe; 3% risk of failure)
Confirm with . or Enter, or press ? or * to list all spells.
You don't have enough magic to cast this spell.
Unknown command.
Unknown command.
Magic courses through your body. You block the wight's attack.
Casting: Sandblast (safe; 3% risk of failure)
Confirm with . or Enter, or press ? or * to list all spells.
Aiming: Sandblast (safe; 3% risk of failure)
Press: ? - help, Shift-Dir - straight line, f/p - wight
Aim: a wight, wielding a +3 long sword and wearing a +0 robe (severely damaged, 82% to hit)
The blast of sand misses the wight.
The wight hits you with a +3 long sword!
* * * LOW HITPOINT WARNING * * *
You feel drained.
You die...

Skill      XL: |  1  2  3  4  5  6 |
---------------+-------------------+-----
Short Blades   | 1 2 |  2.8
Fighting       | 1 |  1.9
Stealth        | 3 |  3.7
Transmutations | 2 |  2.4
Earth Magic    | 4 |  4.7
Spellcasting   | 3 |  3.0
Dodging        | |  1.5

Action                   |  1- 3 |  4- 6 || total
-------------------------+-------+-------++-------
Melee: Dagger            |    30 |    43 ||    73
       Bite              |     2 |    21 ||    23
       Punch             |     1 |       ||     1
 Cast: Sandblast         |    44 |    26 ||    70
       Passwall          |     1 |     9 ||    10
Invok: Lunge             |       |     2 ||     2
  Use: Scroll            |       |    10 ||    10
       Potion            |       |     1 ||     1
 Stab: Sleeping          |     5 |     7 ||    12
Armor: Robe              |     3 |     7 ||    10
Dodge: Dodged            |    17 |    15 ||    32
Block: Other             |       |     7 ||     7

Levels and vault maps discovered:
D:1:      dpeg_arrival_oval, layout_basic
D:2:      layout_basic, serial_co_window_serial, co_window_corner_a,
          co_window_of_opportunity_a, co_window_corner_a, co_window_paths_b,
          co_window_of_opportunity_a, co_window_cross_1, co_window_paths_c,
          co_window_broadway_a, co_window_paths_c, co_window_paths_e,
          co_window_paths_d, glass_columns_b, glass_columns_b, glass_columns_a,
          serial_shops, nicolae_shop_advertising_works
          [nicolae_subvault_shop_adworks]
D:3:      layout_basic, mainiacjoe_overflow_big_doors,
          nicolae_overflow_hidden_temple, grunt_ministairs_5, uniq_grinder

Notes
Turn   | Place    | Note
-------+----------+-------------------------------------------
     0 | D:1      | Sobieck the Vine Stalker Earth Elementalist began the quest
                  | for the Orb.
     0 | D:1      | Reached XP level 1. HP: 9/9 MP: 4/4
   148 | D:1      | Reached XP level 2. HP: 13/13 MP: 3/6
   560 | D:1      | Reached XP level 3. HP: 17/17 MP: 2/7
   794 | D:1      | Learned a level 2 spell: Passwall
   972 | D:1      | Reached skill level 1 in Short Blades
  1476 | D:2      | You add the spells Sting, Poisonous Vapours and Olgreb's
                  | Toxic Radiance to your library.
  1516 | D:2      | Identified the +1 pair of boots "Mock" {Fly rElec rC+
                  | Str+2}
  1811 | D:2      | Gained mutation: Your natural rate of healing is unusually
                  | fast. [Vine Stalker growth]
  1811 | D:2      | Reached XP level 4. HP: 21/21 MP: 5/8
  1863 | D:2      | Found Xiple's Armour Shoppe.
  2190 | D:2      | Reached skill level 1 in Fighting
  2525 | D:3      | Found an ornate altar of the Wu Jian Council.
  2583 | D:3      | Found a shimmering blue altar of Sif Muna.
  2583 | D:3      | Found a hazy altar of Hepliaklqana.
  2584 | D:3      | Became a worshipper of the Wu Jian Council
  2702 | D:3      | Found a sacrificial altar of Ru.
  2740 | D:3      | Found a shadowy altar of Dithmenos.
  2795 | D:3      | Noticed Grinder
  2820 | D:3      | Killed Grinder
  2821 | D:3      | Reached skill level 2 in Short Blades
  2821 | D:3      | Reached skill level 3 in Stealth
  2821 | D:3      | Reached skill level 2 in Transmutations
  2821 | D:3      | Reached skill level 4 in Earth Magic
  2821 | D:3      | Reached XP level 5. HP: 9/25 MP: 0/10
  2821 | D:3      | Reached XP level 6. HP: 11/30 MP: 0/11
  3002 | D:3      | Reached skill level 3 in Spellcasting
  3217 | D:3      | HP: 7/28 [wight/+3 long sword (1)]
  3218 | D:3      | HP: 1/28 [wight/+3 long sword (7)]
  3220 | D:3      | Slain by a wight

Vanquished Creatures
  Grinder (D:3)
  An ogre (D:3)
  A wight (D:3)
  2 adders (D:2)
  3 worms (D:3)
  An orc (D:2)
  4 ball pythons
  7 endoplasms
  5 giant cockroaches
  8 hobgoblins
  3 jackals (D:3)
  3 quokkas
  7 bats
  4 frilled lizards
  7 goblins
  5 kobolds
  5 rats
67 creatures vanquished.

Vanquished Creatures (others)
  A plant (D:3)
1 creature vanquished.

Grand Total: 68 creatures vanquished

Table legend:
 A = Non-vault XP
 B = Vault XP
 C = Vault XP percentage of total XP
 D = Non-vault monster count
 E = Vault monster count
 F = Vault count percentage of total count
                 A         B        C        D         E       F
            +---------+---------+-------+---------+---------+-------
      Total |     332 |     265 |  44.4 |      64 |       3 |   4.5
            +---------+---------+-------+---------+---------+-------
        D:1 |      50 |       0 |   0.0 |      31 |       0 |   0.0
        D:2 |      57 |       0 |   0.0 |      21 |       0 |   0.0
        D:3 |     225 |     265 |  54.1 |      12 |       3 |  20.0
            +---------+---------+-------+---------+---------+-------

Illustrated notes

Table legend:
 A = Kills in this place as a percentage of kills in entire the game.
 B = Kills by you in this place as a percentage of kills by you in the entire game.
 C = Kills by friends in this place as a percentage of kills by friends in the entire game.
 D = Other kills in this place as a percentage of other kills in the entire game.
 E = Experience gained in this place as a percentage of experience gained in the entire game.
 F = Experience gained in this place divided by the number of levels of this place that you have seen.
                   A       B       C       D       E      F
               +-------+-------+-------+-------+-------+----------------------
         Total | 100.0 | 100.0 |   N/A |   N/A | 100.0 | 199.0
       Dungeon | 100.0 | 100.0 |   N/A |   N/A | 100.0 | 199.0
               +-------+-------+-------+-------+-------+----------------------

Table legend: (Time is in decaauts)
 A = Elapsed time spent in this place.
 B = Non-inter-level travel time spent in this place.
 C = Inter-level travel time spent in this place.
 D = Time resting spent in this place.
 E = Time spent auto-exploring this place.
 F = Levels seen in this place.
 G = Mean time per level.
                   A        B        C        D        E       F      G
               +--------+--------+--------+--------+--------+-----+--------+
         Total |   3249 |   3179 |     70 |     69 |   2462 |   3 | 1083.0 |
       Dungeon |   3249 |   3179 |     70 |     69 |   2462 |   3 | 1083.0 |
               +--------+--------+--------+--------+--------+-----+--------+

Top non-repeatable levels by time:
     D:2: 1242 daAuts
     D:1: 1208 daAuts
     D:3: 799 daAuts
